 Dungeon Crawl Stone Soup version 0.31-a0-37-g98a128e1d9 (webtiles) character file.

Game seed: 11572506939823851830

149 senseless the Trooper (level 5, -1/43 HPs)
             Began as a Demonspawn Fighter on May 15, 2023.
             Slain by Grinder (7 damage)
             ... on level 3 of the Dungeon.
             The game lasted 00:06:37 (1934 turns).

senseless the Trooper (Demonspawn Fighter)          Turns: 1934, Time: 00:06:38

Health: -1/43      AC:  7    Str: 23    XL:     5   Next: 9%
Magic:  6/6        EV:  9    Int: 10    God:
Gold:   47         SH:  4    Dex: 12    Spells: 4/4 levels left

rFire   + . .        n - +3 short sword "Dragonbane" {drain, rF+ rC+ Str+5}
rCold   + . .        c - +0 buckler
rNeg    + . .        b - +0 scale mail
rPois   .            (no helmet)
rElec   .            (no cloak)
rCorr   .            (no gloves)
SInv    .            (no boots)
Will    .....        (no amulet) Stlth
                     i - ring of positive energy
HPRegen 0.27/turn    (no ring)
MPRegen 0.10/turn

%: no passive effects
@: no status effects
A: claws 1, rugged brown scales 1, demonic magic 1
a: no special abilities


You were on level 3 of the Dungeon.
You visited 1 branch of the dungeon, and saw 3 of its levels.

You collected 47 gold pieces.

Inventory:

Hand Weapons
 a - a +0 war axe
 n - the +3 short sword "Dragonbane" (weapon) {drain, rF+ rC+ Str+5}
   (You found it on level 2 of the Dungeon)

   Str:       It affects your strength (+5).
   rF:        It protects you from fire.
   rC:        It protects you from cold.
Missiles
 h - 3 poisoned darts (quivered)
Armour
 b - a +0 scale mail (worn)
 c - a +0 buckler (worn)
Jewellery
 i - a ring of positive energy (left claw)
Scrolls
 f - 2 scrolls of fog {unknown}
 g - 4 scrolls of identify {unknown}
 k - a scroll of enchant weapon {unknown}
 l - a scroll of poison {unknown}
 o - a scroll of blinking {unknown}
 p - a scroll of torment {unknown}
Potions
 d - a potion of might
 e - a potion of degeneration {unknown}
 j - a potion of brilliance {unknown}
 m - a potion of berserk rage {unknown}


   Skills:
 + Level 3.6 Fighting
 + Level 0.3 Short Blades
 - Level 2.5 Axes
 + Level 3.3 Armour
 + Level 3.3 Shields
 + Level 2.5 Invocations


You had 4 spell levels left.
You didn't know any spells.
Your spell library contained the following spells:

 Spells                   Type           Power      Damage    Failure   Level
 Slow                     Hex            0%         N/A       75%         1
 Summon Small Mammal      Summ           0%         N/A       75%         1
 Call Canine Familiar     Summ           0%         N/A       98%         3
 Confusing Touch          Hex            0%         N/A       98%         3
 Summon Guardian Golem    Hex/Summ       0%         N/A       98%         3
 Vampiric Draining        Necr           0%         2d6       98%         3


Dungeon Overview and Level Annotations

Branches:
Dungeon (3/15)

Altars:
Ru

Annotations:
D:3 Grinder


Innate Abilities, Weirdness & Mutations

You have sharp fingernails.
You are partially covered in rugged brown scales. (AC +1, +3% HP)
Spells you cast may paralyse adjacent enemies.


Message History

You hit Grinder.
Grinder is severely wounded.
Grinder barely misses you.
You hit Grinder.
Grinder is severely wounded.
Grinder says, "There's only one good use for a tongue: cutting it out."
Grinder hits you.
You writhe in agony.
You closely miss Grinder.
Grinder is severely wounded.
Grinder gestures at you. You resist with significant effort.
You closely miss Grinder.
Grinder is severely wounded.
You block Grinder's attack.
You hit Grinder.
Grinder is severely wounded.
You block Grinder's attack.
You closely miss Grinder.
Grinder is severely wounded.
Grinder hits you but does no damage.
You closely miss Grinder.
Grinder is severely wounded.
Grinder hits you.
* * * LOW HITPOINT WARNING * * *
You hit Grinder.
Grinder is almost dead.
Grinder hits you.
* * * LOW HITPOINT WARNING * * *
Grinder hits you.
* * * LOW HITPOINT WARNING * * *
You writhe in agony.
* * * LOW HITPOINT WARNING * * *
You hit Grinder.
Grinder is almost dead.
Grinder gestures at you. You resist with significant effort.
You barely miss Grinder.
Grinder is almost dead.
Grinder hits you!
You die...

#.............# #####
#.............#
+....########.............#
#..........##.#...#########
#..........#....#.#
#..........#..###.#
#..........#..# #.#
#...(......#..# #.#
#.........@5..# #.#
#...........#.# #.#
...............# #.#
##......†...####
#...>......# #..........#
#..........# #..........#
#######.####


You could see Grinder.

Vanquished Creatures
  An orc wizard (D:3)
  4 adders (D:2)
  2 worms (D:2)
  3 dart slugs
  3 orcs (D:3)
  6 ball pythons
  6 bats
  5 endoplasms
  2 giant cockroaches
  10 goblins
  2 hobgoblins (D:1)
  6 jackals
  6 kobolds
  A quokka (D:1)
  3 frilled lizards (D:2)
  9 rats
  A spectral kobold (D:1)
70 creatures vanquished.

Notes
Turn   | Place    | Note
-------+----------+-------------------------------------------
     0 | D:1      | senseless the Demonspawn Fighter began the quest for the
                  | Orb.
     0 | D:1      | Reached XP level 1. HP: 18/18 MP: 1/1
    93 | D:1      | Gained mutation: You are partially covered in rugged brown
                  | scales. (AC +1, +3% HP) [demonic ancestry]
    93 | D:1      | Reached XP level 2. HP: 13/24 MP: 2/2
   159 | D:1      | Found a faded altar of an unknown god.
   167 | D:1      | Reached skill level 1 in Invocations
   170 | D:1      | Prayed at the altar of an unknown god.
   170 | D:1      | Became a worshipper of Ru the Awakened
   171 | D:1      | Fell from the grace of Ru
   473 | D:1      | Gained mutation: You have sharp fingernails. [demonic
                  | ancestry]
   473 | D:1      | Reached XP level 3. HP: 28/29 MP: 4/4
  1049 | D:2      | Gained mutation: Spells you cast may paralyse adjacent
                  | enemies. [demonic ancestry]
  1049 | D:2      | Reached XP level 4. HP: 36/36 MP: 5/5
  1306 | D:2      | Identified the +3 short sword "Dragonbane" {drain, rF+ rC+
                  | Str+5}
  1748 | D:3      | Reached XP level 5. HP: 43/43 MP: 6/6
  1896 | D:3      | Noticed Grinder
  1898 | D:3      | Paralysed by Grinder for 5 turns
  1908 | D:3      | Paralysed by Grinder for 3 turns
  1934 | D:3      | Slain by Grinder

Illustrated notes

Levels and vault maps discovered:
D:1:      nicolae_arrival_washed_ashore, layout_loops_cross,
          dreamdust_ecumenical_altar_drowned_temple
D:2:      layout_basic, grunt_decor_mini_mirrors
D:3:      layout_basic, uniq_grinder

Skill      XL: |  1  2  3 |
---------------+----------+-----
Invocations    | 1 2 |  2.5
Axes           | 2 |  2.5
Shields        | 3 |  3.3
Armour         | 3 |  3.3
Fighting       | |  3.6
Short Blades   | |  0.3

Action                     |  1- 3 |  4- 6 || total
---------------------------+-------+-------++-------
  Melee: War axe           |   118 |    67 ||   185
         Short sword       |       |    37 ||    37
  Throw: Dart              |       |     1 ||     1
 Invoke: Renounce Religion |     1 |       ||     1
 Armour: Scale mail        |    62 |    54 ||   116
  Dodge: Dodged            |    47 |    41 ||    88
  Block: Buckler           |    29 |    32 ||    61

Table legend: (Time is in decaauts)
 A = Elapsed time spent in this place.
 B = Non-inter-level travel time spent in this place.
 C = Inter-level travel time spent in this place.
 D = Time resting spent in this place.
 E = Time spent auto-exploring this place.
 F = Levels seen in this place.
 G = Mean time per level.
                   A        B        C        D        E       F      G
               +--------+--------+--------+--------+--------+-----+--------+
         Total |   2015 |   1930 |     85 |      0 |   1432 |   3 |  671.7 |
       Dungeon |   2015 |   1930 |     85 |      0 |   1432 |   3 |  671.7 |
               +--------+--------+--------+--------+--------+-----+--------+

Top non-repeatable levels by time:
     D:1: 908 daAuts
     D:2: 894 daAuts
     D:3: 211 daAuts
